 Dungeon Crawl Stone Soup version 0.28.0-47-ge53b351184 (console) character file.

Game seed: 4440385037688123233

10 CuBeRJAN3 the Skirmisher (level 2, 19/19 HPs)
             Began as a Gargoyle Monk on Apr 22, 2022.
             Quit the game on level 1 of the Dungeon on Apr 27, 2022.
             The game lasted 00:01:19 (469 turns).

CuBeRJAN3 the Skirmisher (Gargoyle Monk)             Turns: 469, Time: 00:01:19

Health: 19/19      AC: 10    Str: 14    XL:     2   Next: 20%
Magic:  2/2        EV:  6    Int: 10    God:
Gold:   26         SH:  0    Dex: 12    Spells: 1/1 levels left

rFire   . . .      SeeInvis .   a - +0 mace
rCold   . . .      Faith    .   (no shield)
rNeg    + . .      Spirit   .   c - +0 chain mail
rPois   ∞          Reflect  .   (no helmet)
rElec   +          Harm     .   (no cloak)
rCorr   .          Rampage  .   (no gloves)
Will    .....                   (no boots)
Stlth   ..........              (no amulet)
HPRegen 0.06/turn               (no ring)
MPRegen 0.08/turn               (no ring)

@: no status effects
A: sickness immunity, AC +2, negative energy resistance 1, electricity
resistance, torment resistance 1, petrification resistance
a: no special abilities


You were on level 1 of the Dungeon.
You visited 1 branch of the dungeon, and saw 1 of its levels.

You collected 26 gold pieces.

Inventory:

Hand Weapons
 a - a +0 mace (weapon)
Armour
 b - a +0 robe
 c - a +0 chain mail (worn)
Scrolls
 e - a scroll of identify {unknown}
Potions
 d - a potion of resistance {unknown}


   Skills:
 + Level 3.4 Fighting
 * Level 3.1 Maces & Flails
 + Level 0.3 Armour
 + Level 2.5 Dodging
 + Level 2.4 Stealth


You had one spell level left.
You didn't know any spells.
Your spell library contained the following spells:

 Spells                   Type           Power      Damage    Failure   Level
 Wereblood                Tmut           0%         N/A       100%        2
 Summon Hydra             Summ           0%         N/A       100%        7
 Sublimation of Blood     Necr           Unusable   N/A       N/A         2

Dungeon Overview and Level Annotations

Branches:
Dungeon (1/15)

Altars:

Shops:
D:1 =


Innate Abilities, Weirdness & Mutations

You are immune to sickness and miasma.
Your stone body is resilient. (AC +2)
You are immune to poison.
You resist negative energy. (rN+)
You are resistant to electric shocks. (rElec)
You are resistant to unholy torment.
You are immune to petrification.


Message History

You miss the bat. The bat hits you but does no damage.
Found a scroll labelled NIAMUG HESA.
The bat hits you but does no damage. The bat barely misses you.
You hit the bat.
You kill the bat!
No target in view!
A quokka comes into view.
A quokka is nearby!
A quokka is nearby!
You barely miss the quokka. The quokka barely misses you.
You barely miss the quokka. The quokka completely misses you.
The quokka bites you.
You sock the quokka!
You kill the quokka!
d - a murky pink potion
Found 11 gold pieces.
You now have 26 gold pieces (gained 11).
e - a scroll labelled NIAMUG HESA Save game and exit?
Welcome back, CuBeRJAN3 the Gargoyle Monk.
Press ? for a list of commands and other information.
HP restored.
Found a leather armour.
A bat comes into view.
The bat hits you but does no damage.
You see here a +0 leather armour.
The bat barely misses you. The bat hits you but does no damage. x2
You hit the bat.
You kill the bat!
Okay, then.
Found Uplepup's Jewellery Boutique.
Found 20 sling bullets.
Found a faded altar of an unknown god.
There is an entrance to Uplepup's Jewellery Boutique here.
You see here 20 sling bullets.
There is an entrance to Uplepup's Jewellery Boutique here.
There is an entrance to Uplepup's Jewellery Boutique here.
You see here 20 sling bullets.
Are you sure you want to abandon this character and quit the game? (Confirm with "yes".)

########################
.......@∩...............
.##########.############
#.# #.# #.# ⌠.. ... ._.
## . ##. .? #..


There were no monsters in sight!

Vanquished Creatures
  An endoplasm (D:1)
  3 hobgoblins (D:1)
  A quokka (D:1)
  2 bats (D:1)
  2 rats (D:1)
9 creatures vanquished.

Notes
Turn   | Place    | Note
-------+----------+-------------------------------------------
     0 | D:1      | CuBeRJAN3 the Gargoyle Monk began the quest for the Orb.
     0 | D:1      | Reached XP level 1. HP: 14/14 MP: 1/1
   303 | D:1      | Reached XP level 2. HP: 19/19 MP: 2/2
   325 | D:1      | Upgraded the game from 0.28.0-45-g0d030f2227 to
                  | 0.28.0-47-ge53b351184
   456 | D:1      | Found Uplepup's Jewellery Boutique.
   459 | D:1      | Found a faded altar of an unknown god.
   469 | D:1      | Quit the game

Illustrated notes

Levels and vault maps discovered:
D:1:      noname_arrival_rooms_in_the_neighbourhood, layout_basic, serial_shops,
          shop, ebering_ecumenical_altar_abandoned, minmay_small_reverse_x

Action                   || total
-------------------------++-------
Melee: Mace              ||    17
Armor: Chain mail        ||     9
Dodge: Dodged            ||     8
